 Dungeon Crawl Stone Soup version 0.24.0-123-gd5b16e6ec5 (webtiles) character file.

Game seed: 4497764267968793375, levelgen mode: deterministic

15152 Norian the Thaumaturge (level 11, -15/63 HPs)
             Began as a Deep Elf Conjurer on Dec 22, 2019.
             Was an Elder of Vehumet.
             Blown up by an eye of devastation (shapeshifter) (44 damage)
             ... with a bolt of energy
             ... on level 11 of the Dungeon.
             The game lasted 00:47:25 (14250 turns).

Norian the Thaumaturge (Deep Elf Conjurer)         Turns: 14250, Time: 00:47:26

Health: -15/63     AC: 15    Str:  6    XL:     11   Next: 98%
Magic:  0/30       EV: 14    Int: 22    God:    Vehumet [****..]
Gold:   352        SH:  0    Dex: 16    Spells: 25/36 levels left

rFire    . . .     SeeInvis +   S - +4 scimitar (flame)
rCold    . . .     Gourm    .   (no shield)
rNeg     . . .     Faith    .   J - +0 troll leather armour
rPois    +         Spirit   .   R - +1 helmet {SInv}
rElec    .         Reflect  .   h - +0 cloak
rCorr    .         Harm     .   L - +0 pair of gloves
MR       +....                  x - +0 pair of boots
Stlth    +++.......             (no amulet)
HPRegen  0.60/turn              q - ring of poison resistance
MPRegen  0.22/turn              D - +4 ring of protection

@: studying Polearms
A: no striking features
a: Renounce Religion


You were on level 11 of the Dungeon.
You worshipped Vehumet.
Vehumet was greatly pleased with you.
You were hungry.

You visited 2 branches of the dungeon, and saw 12 of its levels.
You also visited: Bailey.

You collected 616 gold pieces.
You spent 264 gold pieces at shops.

Inventory:

Hand Weapons
 G - a +3 dagger of venom
 S - a +4 scimitar of flaming (weapon)
Armour
 h - a +0 cloak (worn)
 x - a +0 pair of boots (worn)
 I - a +0 robe of fire resistance
 J - a +0 troll leather armour (worn)
 L - a +0 pair of gloves (worn)
 R - a +1 helmet of see invisible (worn)
Magical Staves
 H - an uncursed staff of wizardry
Jewellery
 o - a +2 ring of evasion
 q - a ring of poison resistance (left hand)
 z - an uncursed ring of fire
 D - a +4 ring of protection (right hand)
 N - an uncursed ring of protection from fire {unknown}
Wands
 a - a wand of digging (6)
 B - a wand of polymorph (6)
 C - a wand of flame (41)
 Q - a wand of clouds (4)
Scrolls
 d - 2 scrolls of random uselessness {unknown}
 e - 2 scrolls of magic mapping
 g - 13 scrolls of identify
 i - 7 scrolls of teleportation
 j - 3 scrolls of amnesia
 n - 5 scrolls of immolation {unknown}
 r - 6 scrolls of remove curse
 t - 2 scrolls of enchant armour {unknown}
 w - 3 scrolls of enchant weapon {unknown}
 y - a scroll of noise {unknown}
 E - a scroll of torment {unknown}
 K - a scroll of silence {unknown}
 P - a scroll of fear {unknown}
Potions
 b - 4 potions of curing
 f - 6 potions of haste {unknown}
 k - 5 potions of might {unknown}
 l - a potion of cancellation {unknown}
 m - 2 potions of lignification {unknown}
 p - a potion of degeneration {unknown}
 s - 3 potions of agility {unknown}
 u - 2 potions of brilliance {unknown}
 A - a potion of flight {unknown}
 F - 2 potions of ambrosia {unknown}
 M - a potion of invisibility {unknown}
 O - a potion of resistance
 T - a potion of magic {unknown}
Books
 v - a manual of Polearms
Comestibles
 c - 17 rations


   Skills:
 - Level 5.0 Fighting
 - Level 6.1 Armour
 - Level 5.1 Dodging
 - Level 5.0 Stealth
 + Level 13.4 Spellcasting
 + Level 11.2 Conjurations
 - Level 6.1 Hexes
 - Level 3.1 Translocations
 - Level 6.0 Evocations


You had 25 spell levels left.
You knew the following spells:

 Your Spells              Type           Power        Failure   Level  Hunger
a - Magic Dart            Conj           ####         1%          1    None
b - Iskenderun's Mystic   Conj           ######..     1%          4    None
c - Fulminant Prism       Conj/Hex       ######....   1%          4    None
d - Blink                 Tloc           N/A          2%          2    None

Your spell library contained the following spells:

 Spells                   Type           Power        Failure   Level  Hunger
 Lee's Rapid Deconstruct  Erth           ##........   38%         5    ###....
 Apportation              Tloc           ####..       1%          1    None
 Confusing Touch          Hex            #####.       1%          1    None
 Sting                    Conj/Pois      ####         1%          1    None
 Searing Ray              Conj           ######       1%          2    None
 Slow                     Hex            #####...     1%          2    None
 Conjure Flame            Conj/Fire      #####...     1%          3    None
 Dazzling Spray           Conj/Hex       ######       1%          3    None
 Mephitic Cloud           Conj/Pois/Air  ####....     1%          3    None
 Force Lance              Conj/Tloc      #####...     1%          4    None
 Venom Bolt               Conj/Pois      #####.....   4%          5    ###....
 Summon Guardian Golem    Hex/Summ       ####....     5%          3    None
 Animate Skeleton         Necr           N/A          6%          1    None
 Summon Small Mammal      Summ           ##..         6%          1    None
 Call Imp                 Summ           ##......     10%         2    None
 Poisonous Vapours        Pois/Air       ##....       10%         2    None
 Olgreb's Toxic Radiance  Pois           ##......     16%         4    None
 Call Canine Familiar     Summ           ##......     19%         3    None
 Summon Ice Beast         Ice/Summ       ##......     52%         4    None
 Summon Lightning Spire   Summ/Air       ##......     52%         4    None


Dungeon Overview and Level Annotations

Branches:
Dungeon (11/15)            Temple (1/1) D:4            Lair (0/6) D:8
    Orc (0/2) D:11         Bailey (visited)

Altars:
Ashenzari
Cheibriados
Elyvilon
Fedhas
Gozag
Hepliaklqana
Kikubaaqudgha
Makhleb
Nemelex Xobeh
Okawaru
Qazlal
Ru
Sif Muna
Trog
Uskayaw
Vehumet
Wu Jian
Xom
Yredelemnul
Zin
The Shining One
Beogh

Shops:
D:10 [


Message History

Evoke which item? (* to show all) (? for menu, Esc to quit)
Aiming: Cloud Cone
Press: ? - help, Dir - move target cursor, f/p - eye of devastation
Aim: an eye of devastation shaped shifter (moderately wounded)
You create a blast of flame!
The eye of devastation gazes at you. The bolt of energy misses you.
Casting: Iskenderun's Mystic Blast (safe; 1% risk of failure)
Confirm with . or Enter, or press ? or * to list all spells.
Aiming: Iskenderun's Mystic Blast (safe; 1% risk of failure)
Press: ? - help, Shift-Dir - straight line, f/p - eye of devastation
Aim: an eye of devastation shaped shifter (flame, moderately wounded)
The orb of energy hits the eye of devastation!!
The eye of devastation is heavily wounded.
The orb of energy explodes!
The eye of devastation is engulfed in blazing flames.
The eye of devastation gazes at you. The bolt of energy hits you!!!
Ouch! That really hurt!
You die...

#..............#
#.........#####
#..........)...##
##.......## #
..#.....≈≈).)...#
##...°...#
.###....≈≈≈≈....#
#........# .#
##....≈≈≈≈...###)####..##
.# ###..:..≈...##.## #.##
.# ##......####§# #.. .##
###...####G#######.# ..##
#####..@§......(.. ...#
#.[....8.8....# ..##
#######.............# ..#
##...............## ..#
###.........########
..###............#
..##..............#
##))...........÷..#
##................#


You could see an eye of devastation shaped shifter.

Vanquished Creatures
  A centaur warrior (D:9)
  Erica (D:8)
  4 two-headed ogres
  An efreet (D:11)
  2 trolls (D:9)
  A hornet (D:7)
  A hippogriff (D:7)
  16 yaks
  3 hungry ghosts
  An acid dragon (D:11)
  A water moccasin (D:5)
  2 porcupines (D:8)
  7 ice beasts
  4 phantoms
  2 sky beasts
  10 orc warriors
  2 black bears
  3 centaurs
  6 ogres
  3 crocodiles
  A big kobold (D:10)
  Blork the orc (D:6)
  6 bullfrogs
  A wyvern zombie (D:10)
  2 scorpions
  A killer bee (D:9)
  10 wights
  2 howler monkeys
  6 crimson imps
  A bullfrog zombie (D:9)
  A quasit (D:9)
  5 centaur skeletons
  4 jellies
  14 orc priests
  2 bullfrog skeletons
  5 hounds
  6 iguanas
  7 orc wizards
  8 worker ants
  A hound zombie (D:9)
  A hound skeleton (D:4)
  A worker ant zombie (D:10)
  A howler monkey skeleton (D:6)
  12 adders
  2 shadow imps
  2 worms
  A dart slug (D:2)
  6 leopard geckos
  66 orcs
  6 bats
  4 giant cockroaches
  10 goblins
  10 hobgoblins
  15 jackals
  8 quokkas
  8 frilled lizards
  14 kobolds
  11 rats
  A fulminant prism (D:7)
  7 fungi (D:8)
  2 plants (D:8)
343 creatures vanquished.

Vanquished Creatures (others)
  80 fulminant prisms
  18 fungi (D:8)
  2 plants (D:8)
100 creatures vanquished.

Grand Total: 443 creatures vanquished

Notes
Turn   | Place    | Note
-------+----------+-------------------------------------------
     0 | D:1      | Norian the Deep Elf Conjurer began the quest for the Orb.
     0 | D:1      | Reached XP level 1. HP: 10/10 MP: 6/6
   407 | D:1      | Reached XP level 2. HP: 15/15 MP: 3/8
   818 | D:1      | Reached skill level 4 in Spellcasting
  1008 | D:1      | Reached XP level 3. HP: 19/19 MP: 6/10
  1051 | D:1      | Reached skill level 5 in Conjurations
  1989 | D:3      | Reached XP level 4. HP: 24/24 MP: 0/12
  1995 | D:3      | Learned a level 4 spell: Iskenderun's Mystic Blast
  2000 | D:3      | Learned a level 4 spell: Fulminant Prism
  2066 | D:3      | Reached skill level 5 in Spellcasting
  2586 | D:3      | Reached XP level 5. HP: 9/28 MP: 0/14
  3080 | D:4      | Noticed a yak
  3082 | D:4      | Noticed an ogre
  3150 | D:3      | Killed a yak
  3150 | D:3      | Reached skill level 6 in Spellcasting
  3150 | D:3      | Reached XP level 6. HP: 31/32 MP: 0/17
  3444 | D:4      | Reached skill level 7 in Spellcasting
  3506 | D:4      | Reached XP level 7. HP: 23/36 MP: 0/20
  3895 | D:4      | Reached skill level 1 in Hexes
  4207 | D:4      | Reached skill level 8 in Spellcasting
  4292 | D:4      | Found a staircase to the Ecumenical Temple.
  4486 | Temple   | Entered the Ecumenical Temple
  4770 | D:5      | Entered Level 5 of the Dungeon
  5370 | D:5      | Reached XP level 8. HP: 25/41 MP: 4/22
  5737 | D:6      | Reached skill level 9 in Spellcasting
  5737 | D:6      | Noticed Blork the orc
  5891 | D:6      | Reached skill level 5 in Hexes
  6066 | D:6      | Killed Blork the orc
  6094 | D:6      | Found a radiant altar of Vehumet.
  6294 | D:6      | Became a worshipper of Vehumet
  6601 | D:7      | Reached skill level 10 in Spellcasting
  6862 | D:7      | Reached XP level 9. HP: 35/45 MP: 17/25
  7013 | D:7      | Found a flagged portal.
  7050 | Bailey   | Entered a bailey
  7082 | D:7      | Found a sparkling altar of Nemelex Xobeh.
  7090 | D:7      | Found a glowing golden altar of the Shining One.
  7171 | D:7      | Found a blossoming altar of Fedhas.
  7426 | D:7      | Reached * piety under Vehumet
  7426 | D:7      | Offered knowledge of Sting by Vehumet.
  7436 | D:7      | Reached skill level 5 in Dodging
  7446 | D:7      | Reached skill level 10 in Conjurations
  7586 | D:7      | Reached skill level 11 in Spellcasting
  7636 | D:7      | Reached skill level 1 in Fighting
  7636 | D:7      | Reached skill level 1 in Armour
  7765 | D:7      | Found an opulent altar of Gozag.
  7801 | D:8      | Found a staircase to the Lair.
  8182 | D:8      | Reached ** piety under Vehumet
  8182 | D:8      | Offered knowledge of Freeze by Vehumet.
  8207 | D:7      | Reached XP level 10. HP: 42/56 MP: 3/27
  8581 | D:8      | Found a white marble altar of Elyvilon.
  8582 | D:8      | Found a shimmering altar of Xom.
  8968 | D:8      | Found a roughly hewn altar of Beogh.
  9094 | D:8      | Noticed Erica
  9094 | D:8      | Noticed a two-headed ogre
  9268 | D:8      | Killed a two-headed ogre
  9269 | D:8      | Killed Erica
  9269 | D:8      | Reached skill level 5 in Fighting
  9269 | D:8      | Reached skill level 5 in Armour
  9923 | D:8      | Offered knowledge of Static Discharge by Vehumet.
 10545 | D:9      | Reached skill level 12 in Spellcasting
 10616 | D:9      | Reached *** piety under Vehumet
 10661 | D:9      | Noticed a centaur warrior
 10671 | D:9      | Killed a centaur warrior
 10671 | D:9      | Reached XP level 11. HP: 63/63 MP: 5/29
 10852 | D:9      | Reached skill level 1 in Evocations
 11139 | D:9      | Offered knowledge of Airstrike by Vehumet.
 11880 | D:10     | Entered Level 10 of the Dungeon
 12095 | D:10     | Found Zott's Armour Boutique.
 12098 | D:10     | Bought a +1 helmet of see invisible for 264 gold pieces
 12304 | D:10     | Reached skill level 5 in Stealth
 12500 | D:10     | Found an iron altar of Okawaru.
 12598 | D:10     | Reached **** piety under Vehumet
 12690 | D:10     | Found a burning altar of Makhleb.
 12843 | D:10     | Offered knowledge of Lee's Rapid Deconstruction by Vehumet.
 13565 | D:11     | Learned a level 2 spell: Blink
 13600 | D:11     | Found a staircase to the Orcish Mines.
 13634 | D:11     | Noticed a two-headed ogre
 13643 | D:11     | Killed a two-headed ogre
 13643 | D:11     | Reached skill level 1 in Translocations
 13643 | D:11     | Reached skill level 5 in Evocations
 13727 | D:11     | Noticed a two-headed ogre
 13731 | D:11     | Killed a two-headed ogre
 13929 | D:11     | Reached skill level 13 in Spellcasting
 14185 | D:11     | Noticed a two-headed ogre
 14197 | D:11     | Killed a two-headed ogre
 14250 | D:11     | Blown up by an eye of devastation (shapeshifter)

Levels and vault maps discovered:
D:1:      matt_arrival_los_fun, layout_basic, amethyst_killhole
D:2:      layout_rooms, first_ration, kennysheep_generic_room_7
D:3:      layout_basic
D:4:      layout_loops_ring, minmay_temple_entry_antechambers,
          minmay_manual_monstrance
D:5:      layout_basic
D:6:      layout_basic, lemuel_doored_altar, kb_rosetta, uniq_blork_the_orc
D:7:      layout_gridville, fedhas_bush_and_centaur_altar,
          grunt_gozag_breadcrumbs, grunt_temple_overflow_open, enter_bailey_3
D:8:      layout_cave_pods, nicolae_overflow_hidden_temple,
          due_lair_maze_entry_diamond, special_room [special_room_orc],
          uniq_erica
D:9:      minmay_ornate_pinched, layout_basic
D:10:     layout_long_grid, serial_shops, kennysheep_mini, basic_altar,
          grunt_pizzeria, minmay_large_rounded_square, okawaru_metal_pillars_1_2
D:11:     minmay_cut_squares, layout_cave_pods, orc_0_dummy,
          serial_column_ruins, column_ruins_hut, column_ruins_open_small,
          column_ruins_open_small_water, column_ruins_columns_straight,
          column_ruins_open_tiny, column_ruins_grid_1
Temple:   dpeg_chambers_temple

Skill      XL: |  1  2  3  4  5  6  7  8  9 10 11 |
---------------+----------------------------------+-----
Spellcasting   | 4 5 6 7 8 10 11 12 13 | 13.4
Conjurations   | 5 6 7 8 9 10 11 | 11.2
Hexes          | 4 6 |  6.1
Dodging        | 3 5 |  5.1
Fighting       | 3 5 |  5.0
Armour         | 3 5 6 |  6.1
Stealth        | 5 |  5.0
Evocations     | 6 |  6.0
Translocations | 3 |  3.1

Action                   |  1- 3 |  4- 6 |  7- 9 | 10-12 || total
-------------------------+-------+-------+-------+-------++-------
Melee: Unarmed           |    17 |       |     1 |       ||    18
       Spear             |    27 |    31 |     5 |     1 ||    64
       Scimitar          |       |       |       |    51 ||    51
       Dagger            |       |       |       |     8 ||     8
 Cast: Magic Dart        |   121 |    91 |   197 |   154 ||   563
       Fulminant Prism   |       |     3 |    29 |    49 ||    81
       Iskenderun's Myst |       |     5 |    51 |   122 ||   178
Evoke: Wand              |       |       |       |     5 ||     5
  Use: Potion            |       |     2 |       |     1 ||     3
       Scroll            |       |       |     4 |       ||     4
  Eat: Chunk             |     3 |     3 |    10 |     8 ||    24
       Ration            |       |     1 |     2 |     3 ||     6
Armor: Robe              |     8 |     7 |     7 |    14 ||    36
       Troll leather arm |       |       |       |    41 ||    41
Dodge: Dodged            |    40 |    39 |    70 |   122 ||   271
       Rpst.: Scimitar   |       |       |       |    21 ||    21
